 Dungeon Crawl Stone Soup version 0.31-a0-177-g4aa6249778 (webtiles) character file.

Game seed: 8355368090782952873

94 Maxmaps the Shooter (level 4, -1/49 HPs)
             Began as a Demonspawn Hunter on June 19, 2023.
             Slain by Robin
             ... wielding a +0 short sword
              (3 damage)
             ... on level 3 of the Dungeon.
             The game lasted 00:01:58 (1820 turns).

Maxmaps the Shooter (Demonspawn Hunter)             Turns: 1820, Time: 00:01:59

Health: -1/49      AC:  4    Str: 11    XL:     4   Next: 38%
Magic:  4/4        EV: 11    Int: 15    God:
Gold:   112        SH:  4    Dex: 16    Spells: 3/3 levels left

rFire   . . .        a - +0 shortbow
rCold   . . .        (shield currently unavailable)
rNeg    . . .        c - +0 leather armour
rPois   .            (helmet restricted)
rElec   .            h - +0 cloak
rCorr   +            (no gloves)
SInv    .            (no boots)
Will    .....        (no amulet) Stlth
                     e - ring of resist corrosion
HPRegen 0.28/turn    (no ring)
MPRegen 0.09/turn

%: no passive effects
@: berserking, very quick
A: antennae 1, big brain 1, condensation shield
a: no special abilities


You were on level 3 of the Dungeon.
You visited 1 branch of the dungeon, and saw 3 of its levels.

You collected 112 gold pieces.

Inventory:

Hand Weapons
 a - a +0 shortbow (weapon)
Armour
 c - a +0 leather armour (worn)
 h - a +0 cloak (worn)
Jewellery
 e - a ring of resist corrosion (left hand)
Scrolls
 b - a scroll of butterflies
 d - 3 scrolls of identify
 g - 4 scrolls of teleportation {unknown}
 i - a scroll of amnesia {unknown}
 k - a scroll of enchant armour {unknown}
 l - a scroll of enchant weapon {unknown}
Potions
 f - a potion of lignification


   Skills:
 - Level 2.0 Fighting
 + Level 5.4 Ranged Weapons
 - Level 1.7 Dodging
 - Level 0.8 Stealth


You had 3 spell levels left.
You didn't know any spells.
Your spell library contained the following spells:

 Spells                   Type           Power      Damage    Failure   Level
 Kiss of Death            Conj/Necr      0%         2d5       34%         1
 Sting                    Tmut/Pois      0%         1d3       34%         1
 Poisonous Vapours        Pois/Air       0%         N/A       47%         2
 Confusing Touch          Hex            0%         N/A       71%         3
 Dispel Undead            Necr           0%         3d6       98%         4
 Olgreb's Toxic Radiance  Pois           0%         N/A       98%         4


Dungeon Overview and Level Annotations

Branches:
Dungeon (3/15)

Altars:

Annotations:
D:3 Robin


Innate Abilities, Weirdness & Mutations

You have a pair of small antennae on your head.
You have an unusually large brain. (Int +2)
A meltable shield of frost defends you. (SH +4)


Message History

You are too injured to fight recklessly!
Okay, then.
Okay, then.
Fire: a) +0 shortbow
Press: ? - help, Shift-Dir - straight line, f - goblin, p - Robin
Aim: a goblin, wielding a +0 club (strong, 56% to hit)
You shoot an arrow. The arrow hits the goblin.
You kill the goblin!
The gnoll closely misses you. Robin misses you.
Fire: a) +0 shortbow
Press: ? - help, Shift-Dir - straight line, f - Robin
Aim: Robin, wielding a +0 short sword, wearing a +0 animal skin and wearing a +1 helmet (moderately wounded, 70% to hit)
You shoot an arrow. The arrow hits Robin.
Robin is heavily wounded.
The gnoll hits you from afar with a +0 halberd.
Robin hits you with a +0 short sword.
* * * LOW HITPOINT WARNING * * *
Robin attacks as you move away! You block Robin's attack.
Robin flexes a bicep menacingly.
There is an open door here.
Items here: ))) †.
Fire: a) +0 shortbow
Press: ? - help, Shift-Dir - straight line, f/p - Robin
Aim: Robin, wielding a +0 short sword, wearing a +0 animal skin and wearing a +1 helmet (heavily wounded, 70% to hit)
You shoot an arrow. The arrow hits Robin.
Robin is heavily wounded.
Robin hits you but does no damage.
Fire: a) +0 shortbow
Press: ? - help, Shift-Dir - straight line, f/p - Robin
Aim: Robin, wielding a +0 short sword, wearing a +0 animal skin and wearing a +1 helmet (heavily wounded, 70% to hit)
You shoot an arrow. The arrow hits Robin.
Robin is severely wounded.
The gnoll hits you from afar with a +0 halberd.
* * * LOW HITPOINT WARNING * * *
Robin hits you with a +0 short sword.
* * * LOW HITPOINT WARNING * * *
A red film seems to cover your vision as you go berserk!
You feel yourself moving faster!
You feel mighty! You block the gnoll's attack.
Robin hits you with a +0 short sword.
You die...

#....# #....# ##....#
#.....# #.....#
#)##### #g# #g#
####@###
#......####+####
#......##~~.~~~###
#.....##~~....~~~##
#.....#~~.......~~##
#.....#~.........~~#
#....†'...(≈≈≈≈≈..~##
####.##~..♣....≈..~~#
#.##~...≈.♣)≈...~#


You could see Robin and a gnoll.

Vanquished Creatures
  A gnoll (D:2)
  2 adders (D:2)
  3 worms (D:2)
  A dart slug (D:1)
  5 ball pythons
  7 endoplasms
  2 giant cockroaches
  9 goblins
  6 hobgoblins
  6 jackals (D:2)
  A quokka (D:3)
  2 bats
  3 frilled lizards
  4 rats (D:1)
52 creatures vanquished.

Notes
Turn   | Place    | Note
-------+----------+-------------------------------------------
     0 | D:1      | Maxmaps the Demonspawn Hunter began the quest for the Orb.
     0 | D:1      | Reached XP level 1. HP: 16/16 MP: 1/1
    98 | D:1      | Reached skill level 4 in Ranged Weapons
   114 | D:1      | Gained mutation: You have a pair of small antennae on your
                  | head. [demonic ancestry]
   114 | D:1      | Reached XP level 2. HP: 18/22 MP: 2/2
   301 | D:1      | Found a faded altar of an unknown god.
   798 | D:2      | Gained mutation: A meltable shield of frost defends you.
                  | (SH +4) [demonic ancestry]
   798 | D:2      | Reached XP level 3. HP: 27/27 MP: 3/3
   883 | D:2      | Reached skill level 5 in Ranged Weapons
   900 | D:2      | Gained mutation: You have an unusually large brain. (Int
                  | +2) [demonic ancestry]
   900 | D:2      | Reached XP level 4. HP: 7/33 MP: 4/4
  1794 | D:3      | Noticed Robin
  1819 | D:3      | HP: 1/33 [Robin/+0 short sword (5)]
  1820 | D:3      | Slain by Robin

Illustrated notes

Levels and vault maps discovered:
D:1:      dpeg_arrival_fog, layout_basic, ebering_ecumenical_altar_hall,
          minmay_pentomino_r4
D:2:      layout_loops_ring, minmay_three_crescents
D:3:      layout_basic, minmay_misc_feat_doors, kennysheep_potato, uniq_robin

Skill      XL: |  1  2  3 |
---------------+----------+-----
Ranged Weapons | 4 5 |  5.4
Fighting       | |  2.0
Dodging        | |  1.7
Stealth        | |  0.8

Action                     |  1- 3 |  4- 6 || total
---------------------------+-------+-------++-------
   Fire: Shortbow          |   101 |    61 ||   162
    Use: Potion            |     1 |     1 ||     2
         Scroll            |       |     2 ||     2
 Armour: Leather armour    |    11 |    10 ||    21
  Dodge: Dodged            |    31 |    20 ||    51
  Block: Other             |     4 |     3 ||     7

Table legend: (Time is in decaauts)
 A = Elapsed time spent in this place.
 B = Non-inter-level travel time spent in this place.
 C = Inter-level travel time spent in this place.
 D = Time resting spent in this place.
 E = Time spent auto-exploring this place.
 F = Levels seen in this place.
 G = Mean time per level.
                   A        B        C        D        E       F      G
               +--------+--------+--------+--------+--------+-----+--------+
         Total |   1853 |   1795 |     58 |      0 |   1490 |   3 |  617.7 |
       Dungeon |   1853 |   1795 |     58 |      0 |   1490 |   3 |  617.7 |
               +--------+--------+--------+--------+--------+-----+--------+

Top non-repeatable levels by time:
     D:2: 967 daAuts
     D:1: 803 daAuts
     D:3: 81 daAuts
